[Event "Championnat du monde jeunes U10"]
[Date "2024.11.20"]
[White "Wang, Yuwei"]
[Black "Santoro, Marco Antonio"]
[WhiteElo "1576"]
[BlackElo "1765"]
[Round "6.16"]
[Result "0-1"]
[TimeControl "5400+30"]

1. d4 d5 2. c4 e6 3. Nc3 c6 4. e3 Nf6 5. Nf3 Bd6 6. Bd2 O-O 7. Bd3 dxc4 8. Bxc4 b5 9. Bb3 Nbd7 10. O-O Bb7 11. a3 a6 12. Bc2 Re8 13. Re1 Qc7 14. h3 Rac8 15. Rc1 h6 16. e4 e5 17. dxe5 Nxe5 18. Nxe5 Bxe5 19. Qf3 Rcd8 20. Rcd1 c5 21. b3 b4 22. Nb1 a5 23. a4 Re6 24. Kh1 Rde8 25. Qe2 Bd4 26. Be3 Bxe4 27. Bxe4 Nxe4 28. Qc2 Bxe3 29. fxe3 Rf6 30. Kg1 Nf2 31. Qxf2 Rxf2 32. Kxf2 Qe5 33. Nd2 Qc3 34. Re2 Kh7 35. Rde1 Rd8 36. Rd1 Qc2 37. Ke1 c4 38. bxc4 b3 39. c5 b2 40. c6 Qxd1+ 41. Kxd1 b1=Q# 0-1

[Variant "Standard"]
[Site "Europe Echecs"]

[Event "Championnat du monde jeunes U10"]
[Date "2024.11.20"]
[White "Ostapenko, Volodymyr"]
[Black "Veber, Tibor"]
[WhiteElo "1720"]
[BlackElo "1532"]
[Round "6.17"]
[Result "1/2-1/2"]
[TimeControl "5400+30"]

1. e4 e5 2. d4 exd4 3. c3 d5 4. exd5 Qxd5 5. cxd4 Nf6 6. Nc3 Bb4 7. Nf3 O-O 8. Be3 Bxc3+ 9. bxc3 Ng4 10. Bd2 Bf5 11. Be2 Re8 12. O-O Nf6 13. Bf4 c6 14. Re1 Nbd7 15. c4 Qa5 16. Qd2 Qxd2 17. Nxd2 Nb6 18. c5 Nbd5 19. Be5 Nd7 20. Bg3 Re6 21. Bc4 N7f6 22. Rxe6 Bxe6 23. Bb3 Re8 24. Nc4 Ne4 25. Nd6 Nxd6 26. Bxd6 Nc3 27. Re1 Bd7 28. Re7 Rxe7 29.
Bxe7 Nb5 30. d5 cxd5 31. Bxd5 b6 1/2-1/2

[Variant "Standard"]
[Site "Europe Echecs"]

[Event "Championnat du monde jeunes U10"]
[Date "2024.11.20"]
[White "Della Penna, Leonardo"]
[Black "Loberti, Tommaso"]
[WhiteElo "1675"]
[BlackElo "1474"]
[Round "6.20"]
[Result "1-0"]
[TimeControl "5400+30"]

1. e4 e5 2. Nf3 Nc6 3. Bc4 Bc5 4. c3 Nf6 5. d3 h6 6. O-O d6 7. b4 Bb6 8. a4 a6 9. Ba3 Be6 10. Bxe6 fxe6 11. Qb3 Qd7 12. Nbd2 O-O 13. Nc4 Ba7 14. b5 axb5 15. axb5 Ne7 16. Ncxe5 Qc8 17. Nc4 Ng6 18. e5 d5 19. Bxf8 dxc4 20. Qxc4 Nd5 21. Bc5 b6 22. Be3 1-0

[Variant "Standard"]
[Site "Europe Echecs"]

[Event "Championnat du monde jeunes U10"]
[Date "2024.11.20"]
[White "Wu, Chenyu"]
[Black "Vydra, David"]
[WhiteElo "1503"]
[BlackElo "1615"]
[Round "6.21"]
[Result "1-0"]
[TimeControl "5400+30"]

1. d4 Nf6 2. c4 e6 3. Nc3 Bb4 4. Nf3 O-O 5. e3 d5 6. Bd3 c5 7. O-O cxd4 8. exd4 dxc4 9. Bxc4 b6 10. Bg5 Bb7 11. a3 Be7 12. Qe2 Nbd7 13. Rfd1 Rc8 14. Ne5 Qc7 15. Nb5 Qd8 16. Nxa7 Rxc4 17. Qxc4 Qa8 18. f3 Qxa7 19. Nxd7 Ba6 20. Nxf6+ gxf6 21. Qa4 fxg5 22. Kh1 b5 23. Qb3 Rd8 24. a4 b4 25. d5 exd5 26. Rxd5 Qf2 27. Rxd8+ Bxd8 28. Qd5 Bf1 29. Qxd8+ Kg7 30. Qxg5+ Kf8 31. Rd1 Bd3 32. Qd8+ 1-0

[Variant "Standard"]
[Site "Europe Echecs"]

[Event "Championnat du monde jeunes U10"]
[Date "2024.11.22"]
[White "Kolodziejczyk, Boris"]
[Black "Shogdzhiev, Roman"]
[WhiteElo "2115"]
[BlackElo "2202"]
[Round "7.1"]
[Result "0-1"]
[TimeControl "5400+30"]

1. e4 c5 2. Nf3 d6 3. Bb5+ Nd7 4. O-O a6 5. Bd3 g6 6. c3 Bg7 7. Bc2 Ne5 8. Nxe5 dxe5 9. d3 Nf6 10. Be3 Qc7 11. h3 O-O 12. a4 b6 13. Na3 Rd8 14. Qc1 Nh5 15. Nc4 Be6 16. a5 b5 17. Nb6 Rab8 18. b4 Nf4 19. Qb2 cxb4 20. cxb4 Nxd3 21. Bxd3 Rxd3 22. Rfd1 Rxd1+ 23.
Rxd1 f5 24. Qd2 fxe4 25. Nd5 Qb7 26.
Bc5 Kf7 27. Nc3 h6 28. Qe3 Bf5 29. g4 Be6 30. Nxe4 Bd5 31. Ng3 Bf6 32. Qd3 e6 33. Qe3 Rd8 34. Kh2 Kg7 35. f3 Bxf3 36. Rxd8 Bxd8 37. Qxe5+ Bf6 38. Qxe6 Qf7 39. Qxf7+ Kxf7 40. Kg1 Ke6 41. Kf2 Bb7 42. Ke3 Bg5+ 43. Kd3 Bg2 44. Ne4 Bf4 45. Be3 Bxe4+ 46. Kxe4 Bxe3 47. Kxe3 Kd5 48. g5 hxg5 49. Kd3 g4 50. hxg4 g5 51. Kc3 Ke4 52. Kb3 Ke5 0-1

[Variant "Standard"]
[Site "Europe Echecs"]

[Event "Championnat du monde jeunes U10"]
[Date "2024.11.22"]
[White "Perez Solanas, Hugo"]
[Black "Xia, Joshua"]
[WhiteElo "1824"]
[BlackElo "2052"]
[Round "7.8"]
[Result "0-1"]
[TimeControl "5400+30"]

1. e4 c5 2. Nf3 d6 3. d4 cxd4 4. Nxd4 Nf6 5. Nc3 a6 6. f3 e5 7. Nb3 h5 8. Be3 Be6 9. Nd5 Nbd7 10. Qd2 Bxd5 11. exd5 Nb6 12. c4 g6 13. Qb4 Nfd7 14. Bd3 Qc7 15. O-O Bg7 16. Bg5 Nc5 17. Nxc5 Qxc5+ 18. Qxc5 dxc5 19. Rfe1 Kd7 20. Rab1 Kc7 21. Bd2 Nd7 22. a4 a5 23. Bc3 b6 24. Rbd1 Kd6 25. Re2 Rae8 26. h3 Re7 27. Rde1 f5 28. b3 h4 29. Bd2 Bh6 30. Bxh6 Rxh6 31. Kf2 Nf6 32. f4 e4 33. Bc2 Nh5 34. Ke3 g5 35. fxg5 Rg6 36. Rf2 Rxg5 37. Ref1 f4+ 38. Rxf4 Rg3+ 39. Ke2 Nxf4+ 40. Rxf4 Rxg2+ 41. Kd1 e3 42. Be4 Rd2+ 43. Ke1 Rd4 44. Rf6+ Ke5 45. d6 Kxf6 46. dxe7 Rxe4 0-1

[Variant "Standard"]
[Site "Europe Echecs"]

[Event "Championnat du monde jeunes U10"]
[Date "2024.11.22"]
[White "Chen, Chicheng Leon"]
[Black "Buklaho, Ignacy"]
[WhiteElo "1987"]
[BlackElo "1822"]
[Round "7.14"]
[Result "1/2-1/2"]
[TimeControl "5400+30"]

1. e4 c6 2. d4 d5 3. e5 Bf5 4. h4 h5 5. Bd3 Bxd3 6. Qxd3 Qa5+ 7. Nd2 e6 8. Nf3 Ne7 9. O-O Nf5 10. Nb3 Qa6 11. Qd1 b6 12. Bg5 c5 13. dxc5 bxc5 14. Nbd2 Be7 15. Bxe7 Nxe7 16. c4 Nd7 17. Re1 O-O 18. cxd5 Nxd5 19. Ne4 g6 20. Qc1 Kg7 21. Qg5 Qb6 22. b3 Qd8 23. Qg3 Qe7 24. Nd6 Rad8 25. Nd2 Nb4 26. Rac1 Kg8 27. N2c4 Nb6 28. a3 Nc6 29. b4 Nxc4 30. Rxc4 Nxe5 31. Qxe5 Qxd6 32. Qxd6 Rxd6 33. Rxc5 Ra6 34. Ra1 Rb8 35. Rcc1 Ra4 36. g3 Kg7 37. Kg2 a5 38. bxa5 Rxa5 39. Rc3 Ra4 40. Kf3 Rb5 41. Re3 Kf6 1/2-1/2

[Variant "Standard"]
[Site "Europe Echecs"]

[Event "Championnat du monde jeunes U10"]
[Date "2024.11.22"]
[White "Chakhalov, Mikael"]
[Black "Anetov, Amirzhan"]
[WhiteElo "1962"]
[BlackElo "1767"]
[Round "7.15"]
[Result "0-1"]
[TimeControl "5400+30"]

1. d4 d5 2. c4 dxc4 3. e3 e5 4. dxe5 Qxd1+ 5. Kxd1 Nc6 6. Bxc4 Nxe5 7. Be2 Bf5 8. Nf3 O-O-O+ 9. Nbd2 Nc6 10. a3 Nf6 11. Ke1 Bd6 12. Nc4 Rhe8 13. b4 Ng4 14. Bb2 Nge5 15. Rd1 Nxc4 16. Bxc4 f6 17. Bb5 Be4 18. Nd4 Nxd4 19. Bxd4 c6 20. Be2 Kb8 21. Bf3 Bxf3 22. gxf3 Be5 23. Bxe5+ fxe5 24. Rg1 Rxd1+ 25. Kxd1 g6 26. Ke2 Re6 27. Kd3 Rf6 28. Ke4 Rf5 29. h4 Kc7 30. Rg5 Rxg5 31. hxg5 Kd6 32. f4 exf4 33. Kxf4 Kd5 34. f3 b6 35. Kg3 Ke5 36. e4 c5 37. bxc5 bxc5 38. Kf2 Kf4 39. Ke2 Kxg5 40. Kd3 h5 41. Kc4 h4 42. e5 h3 0-1

[Variant "Standard"]
[Site "Europe Echecs"]

[Event "Championnat du monde jeunes U10"]
[Date "2024.11.22"]
[White "Ramesan, Raunak Amit"]
[Black "Deepak Ambattu, Rithvik"]
[WhiteElo "1802"]
[BlackElo "2063"]
[Round "7.21"]
[Result "1-0"]
[TimeControl "5400+30"]

1. e4 c5 2. Nf3 d6 3. d4 cxd4 4. Nxd4 Nf6 5. Nc3 a6 6. Bg5 e6 7. f4 Be7 8. Qf3 Qc7 9. O-O-O Nbd7 10. g4 b5 11. Bxf6 Nxf6 12. g5 Nd7 13. f5 Bxg5+ 14. Kb1 Ne5 15. Qh5 h6 16. Nxe6 Bxe6 17. fxe6 g6 18. exf7+ Kxf7 19. Qe2 Qd8 20. Qf2+ Kg7 21. Qd4 Be7 22. Bh3 Rf8 23. Nd5 Bf6 24. Nf4 Re8 25. Rhg1 Kh7 26. Qd5 Qe7 27. Nxg6 Nxg6 28. Bf5 Kh8 29. Rxg6 Qf8 30. Rdg1 Ra7 31. Be6 Bg7 32. Qd3 Qf4 33. Qd5 Rc7 34. Qh5 Rf8 35. Bf5 Qd2 36. R6g2 Qd4 37. Rxg7 Rxg7 38. Qxh6+ Kg8 39. Be6+ Rf7 40. Rxg7+ 1-0

[Variant "Standard"]
[Site "Europe Echecs"]

[Event "Championnat du monde jeunes U10"]
[Date "2024.11.22"]
[White "Blekh, Erik"]
[Black "Annapureddy, Rheyansh Reddy"]
[WhiteElo "1790"]
[BlackElo "2122"]
[Round "7.22"]
[Result "0-1"]
[TimeControl "5400+30"]

1. Nf3 Nf6 2. g3 g6 3. b3 Bg7 4. Bb2 O-O 5. Bg2 c5 6. c4 d6 7. d4 d5 8. Nbd2 dxc4 9.
Nxc4 Be6 10. Ncd2 Nc6 11. dxc5 Qa5 12.
O-O Rfd8 13. Qc1 Rac8 14. Bc3 Qxc5 15.
Qb2 b5 16. b4 Qh5 17. h4 h6 18. a4 a5 19. Nd4 axb4 20. Nxc6 bxc3 21. Qxb5 Rxc6 22. Qxc6 cxd2 23. a5 Nd5 24. a6 Bxa1 25. a7 Bd4 26. a8=Q Rxa8 27. Qxa8+ Kh7 28. Qa4 Nc3 29. Qc2 Qxe2 0-1

[Variant "Standard"]
[Site "Europe Echecs"]

[Event "Championnat du monde jeunes U10"]
[Date "2024.11.22"]
[White "Liu, Liam"]
[Black "Ten Dam, Bram"]
[WhiteElo "1783"]
[BlackElo "2012"]
[Round "7.23"]
[Result "1-0"]
[TimeControl "5400+30"]

1. e4 c5 2. c3 Nf6 3. e5 Nd5 4. d4 cxd4 5. cxd4 d6 6. Bc4 Nb6 7. Bb3 dxe5 8. Qh5 e6 9. dxe5 Nc6 10. Nc3 Qd3 11. Bf4 Bb4 12. Ne2 Nd5 13. Bxd5 Qxd5 14. O-O Qd3 15. a3 Be7 16. Rfd1 Qg6 17. Qh3 a6 18. Rd3 h5 19. Rad1 b5 20. Qf3 Bb7 21. Rd7 Rc8 22. Rxb7 O-O 23. Rbd7 Bc5 24. Qe4 f5 25. Qf3 h4 26. Qh3 Qh5 27. Qf3 Qe8 28. R7d3 Be7 29. h3 g5 30. Bh2 Bc5 31. b4 Ba7 32. Rd7 Bb8 33. Qe3 Qg6 34. f4 g4 35. Kh1 Kh8 36. hxg4 fxg4 37. Qe4 Qh6 38. Rb7 Nd8 39. Re7 Nc6 40. Red7 g3 41. Bg1 Rg8 42. Rf7 Nd8 43. Rf6 Qh5 44. Qf3 Qh7 45. Ne4 Rc7 46. Ng5 Rxg5 47. fxg5 1-0

[Variant "Standard"]
[Site "Europe Echecs"]

[Event "Championnat du monde jeunes U10"]
[Date "2024.11.22"]
[White "Larion, Iustin"]
[Black "Babeikin, Kiryl"]
[WhiteElo "1925"]
[BlackElo "1721"]
[Round "7.25"]
[Result "0-1"]
[TimeControl "5400+30"]

1. d4 d5 2. Bg5 Nf6 3. e3 c5 4. Nd2 Nbd7 5. c3 Qb6 6. Rb1 e6 7. Bd3 e5 8. dxe5 Nxe5 9. Ndf3 Nxd3+ 10. Qxd3 c4 11. Qd1 Bf5 12. Qa4+ Qc6 13. Qxc6+ bxc6 14. Rd1 Ne4 15. Ne2 Rb8 16. b3 cxb3 17. axb3 Bg4 18. Bf4 Rxb3 19. O-O Rb2 20. Ned4 c5 21. Nc6 Nxc3 22. Ra1 Ne2+ 23. Kh1 Nxf4 24. Nfe5 Bd7 25. exf4 Bd6 26. Rfe1 Bxc6 27. Nd3+ Kd7 28. Nxb2 Ra8 29. Nd3 f6 30. f5 c4 31. Nc1 Bc5 32. Ne2 Re8 33. Nf4 Rxe1+ 34. Rxe1 Bxf2 35. Rd1 d4 36. Ne2 d3 37. Nc3 Bd4 38. Nb1 Ba4 39. Rc1 c3 40. Nxc3 d2 41. Ne2 dxc1=Q+ 42. Nxc1 Bc2 43. Ne2 Be5 44. g4 a5 45. Kg2 a4 46. Kf3 Bd1 47. Ke3 Bxe2 48. Kxe2 a3 49. h4 a2 50. g5 a1=Q 51. g6 h5 52. Kf2 Qb2+ 53. Kf3 Qc3+ 54. Ke4 Kc7 55. Kd5 Qc6# 0-1

[Variant "Standard"]
[Site "Europe Echecs"]

[Event "Championnat du monde jeunes U10"]
[Date "2024.11.22"]
[White "Guirado Lara, Pablo"]
[Black "Barsov, Mikhail"]
[WhiteElo "1832"]
[BlackElo "1668"]
[Round "7.29"]
[Result "1-0"]
[TimeControl "5400+30"]

1. e4 c6 2. Nf3 d5 3. Nc3 dxe4 4. Nxe4 Nf6 5. Qe2 Nxe4 6. Qxe4 Nd7 7. Bc4 Nf6 8. Ne5 e6 9. Qe2 b5 10. Bd3 Qc7 11. Nxc6 a6 12. Ne5 Bd6 13. Nf3 Nd5 14. Be4 Bb7 15. d4 Bb4+ 16. Kf1 Rc8 17. c3 Be7 18. a3 h6 19. Ne5 Bd6 20. f4 Nf6 21. Bxb7 Qxb7 22. f5 Qd5 23. fxe6 fxe6 24. Nf3 Rf8 25. Be3 Ne4 26. Bf2 g5 27. h3 Bg3 28. Be3 Bh4 29. Kg1 Ng3 30. Qd3 Nxh1 31. Nxh4 gxh4 32. Kxh1 Rg8 33. Rg1 Rg3 34. Kh2 Rc7 35. Qd2 Rcg7 36. Bxh6 Rg8 37. Bf4 R3g6 38. g4 hxg3+ 39. Rxg3 Qf5 40. Be5 Rxg3 41. Bxg3 Qg6 42. Qg2 Qd3 43. Qa8+ Kf7 44. Qb7+ Kf6 45. Be5+ Kg6 46. Qg2+ Kh7 47. Qf2 Rg6 48. Qf7+ Kh6 49. Bf4+ Rg5 50. Qf6+ Kh7 51. Qf7+ Kh6 1-0

[Variant "Standard"]
[Site "Europe Echecs"]

[Event "Championnat du monde jeunes U10"]
[Date "2024.11.22"]
[White "Kazimzade, Mahammad"]
[Black "Nikitakis, Michail"]
[WhiteElo "1687"]
[BlackElo "1818"]
[Round "7.31"]
[Result "1/2-1/2"]
[TimeControl "5400+30"]

1. c4 e5 2. Nc3 Nf6 3. d3 Nc6 4. g3 d5 5. cxd5 Nxd5 6. Bg2 Nb6 7. Nf3 Be7 8. O-O O-O 9. b3 Re8 10. Bb2 Bf8 11. Rc1 Be6 12. a3 Na5 13. Nd2 Nc6 14. b4 a6 15. Nf3 f5 16. Nb1 Qf6 17. Nfd2 Bd5 18. e4 Be6 19. Nf3 fxe4 20. dxe4 Bg4 21. Qb3+ Be6 22. Qc3 Rad8 23. Qc2 Kh8 24. Nbd2 Rd7 25. h3 Red8 26. Rfd1 Bd6 27. Bf1 Rf8 28. Kh2 h6 29. Bg2 Kh7 30. Nf1 Nc4 31. Ne3 Nxe3 32. fxe3 g5 33. Rf1 Qg7 34. Bc3 Rdf7 35. Qb2 Bxh3 36. Bxh3 g4 37. Nh4 gxh3 38. Rxf7 Rxf7 39. Kxh3 Qg5 40. Qe2 Rg7 41. Qf3 Nd4 42. exd4 Qxc1 43. dxe5 Be7 44. Qf5+ Kg8 45. Qe6+ Kh7 46. Qf5+ Kg8 47. Qe6+ Kh7 48. Qf5+ Kg8 49. Qe6+ Rf7 50. Qc8+ Kh7 51. Qe6 Kg8 52. Qg6+ Rg7
53. Qe6+ Rf7 54. Qg6+ Kf8 55. e6 1/2-1/2

[Variant "Standard"]
[Site "Europe Echecs"]

[Event "Championnat du monde jeunes U10"]
[Date "2024.11.22"]
[White "Chkhartishvili, Lazare"]
[Black "Megagiannis, Maximos"]
[WhiteElo "1836"]
[BlackElo "1682"]
[Round "7.35"]
[Result "0-1"]
[TimeControl "5400+30"]

1. e4 c5 2. Nf3 e6 3. d4 cxd4 4. Nxd4 Nf6 5. Bd3 Nc6 6. Nxc6 bxc6 7. O-O d5 8. e5 Nd7 9. Bf4 g5 10. Bg3 h5 11. h3 g4 12. hxg4 Qg5 13. Qd2 Qxg4 14. Qf4 Qg7 15. Nd2 Rb8 16. Rab1 Be7 17. Nf3 Rb4 18. c4 Nc5 19. Be2 Ne4 20. Bh4 Rg8 21. g3 Bc5 22. a3 Rb3 23. Kg2 Ba6 24. Bd1 Rd3 25. b4 Bxf2 26. Rxf2 Nxf2 27. Kxf2 Bxc4 28. Nd2 Rc3 29. Nxc4 Rxc4 30. Qf6 Qxf6+ 31. Bxf6 Rc3 32. Rb3 Rgxg3 33. Rxc3 Rxc3 34. a4 Rc4 35. b5 cxb5 36. axb5 Rb4 37. Be2 h4 38. Kg2 Rb2 39. Kf3 h3 40. Bf1 h2 41. Bg2 Rb1 0-1

[Variant "Standard"]
[Site "Europe Echecs"]

[Event "Championnat du monde jeunes U10"]
[Date "2024.11.22"]
[White "Czech, Emil"]
[Black "Nguyen Minh"]
[WhiteElo "1608"]
[BlackElo "1760"]
[Round "7.41"]
[Result "0-1"]
[TimeControl "5400+30"]

1. e4 c5 2. Nf3 Nf6 3. e5 Nd5 4. Nc3 e6 5. Ne4 Nc6 6. Bb5 f5 7. Nc3 Nf4 8. g3 Ng6 9. Bxc6 bxc6 10. d3 d5 11. exd6 Bxd6 12. h4 h6 13. h5 Ne7 14. Nh4 O-O 15. Qe2 Rf6 16. Bd2 e5 17. O-O-O Rb8 18. Rdg1 Rf7 19. Ng6 Qa5 20. Nxe7+ Bxe7 21. Qxe5 Rb7 22. a3 Qa6 23. f3 c4 24. dxc4 Bxa3 25. Qf4 Bxb2+ 26. Kd1 Rfe7 0-1

[Variant "Standard"]
[Site "Europe Echecs"]

[Event "Championnat du monde jeunes U10"]
[Date "2024.11.22"]
[White "Gim, Hajin"]
[Black "Mikkelsen, Anders Askjaer"]
[WhiteElo "1603"]
[BlackElo "1745"]
[Round "7.42"]
[Result "1-0"]
[TimeControl "5400+30"]

1. e4 e6 2. Nc3 d5 3. Nf3 d4 4. Ne2 c5 5. Ng3 Nc6 6. Bc4 a6 7. a4 Rb8 8. Qe2 Qa5 9. O-O Nge7 10. d3 b5 11. Bd2 Qc7 12. axb5 axb5 13. Bb3 Ng6 14. c3 Bd6 15. cxd4 cxd4 16. Rfc1 Bb7 17. Ng5 Nf4 18. Qf3 h6 19. Nxf7 Qxf7 20. Nf5 Bc7 21. Bxf4 Bxf4 22. Qxf4 O-O 23. Qg3 Kh8 24. Bxe6 Qf6 25. Bd5 Ne5 26. Bxb7 Rxb7 27. f4 Ng6 28. Rc5 Kh7 29. Rac1 Rb6 30. Rc7 Rf7 31. Rxf7 Qxf7 32. Nxd4 Nxf4 33. Qf3 Rg6 34. Rf1 Rf6 35. Nf5 Ne6 36. Qe2 Qf8 37. d4 g6 38. d5 gxf5 39. dxe6 Rxe6 40. Qxb5 Rxe4 41. Qxf5+ Qxf5 42. Rxf5 Rb4 43.
Rf2 Kg6 44. g3 h5 45. Kg2 Rb3 46. Kf1 Kg5 47. Ke1 Rb8 48. Kd1 Kg4 49. Kc2 Rc8+ 50. Kb1 Rb8 51. Rf4+ Kg5 52. b4 Rb5 53. Kc2 Rb8 54. Kc3 Kg6 55. Rc4 Rb6 56. Rc5 Rb8 57. b5 Rb7 58. Kb4 Rb8 59. Rc6+ Kg5 60. b6 Kg4 61. Rc4+ Kf3 62. Kb5 Kg2 63. Rh4 Rh8 64. b7 Kf3 65. Kb6 Rh6+ 66. Ka7 Rh7 67. Ka8 1-0

[Variant "Standard"]
[Site "Europe Echecs"]

[Event "Championnat du monde jeunes U10"]
[Date "2024.11.22"]
[White "Larionov, Serghei"]
[Black "Gomez Silva, Maximiliano"]
[WhiteElo "1720"]
[BlackElo "1643"]
[Round "7.44"]
[Result "1/2-1/2"]
[TimeControl "5400+30"]

1. d4 Nf6 2. c4 e5 3. dxe5 Ng4 4. e4 Nxe5 5. f4 Nec6 6. Be3 Bb4+ 7. Nc3 Qe7 8. Bd3 O-O 9. Ne2 f5 10. Ng3 d6 11. O-O Bxc3 12. bxc3 fxe4 13. Bxe4 Be6 14. Qd3 Kh8 15. Bd4 Nxd4 16. cxd4 c6 17. Rae1 Qd7 18. Bxh7 Bxc4 19. Qxc4 Kxh7 20. Qd3+ Kg8 21. f5 Na6 22. a3 Rae8 23. Rxe8 Qxe8 24. Ne4 d5 25. Ng5 Qh5 26. Ne6 Rf6 27. h3 Qh7 28. Ng5 Qh5 29. Qe3 Rf8 30. g4 Re8 31. Ne6 Qf7 32. Qf4 Qe7 33. Qg3 c5 34. Qe5 cxd4 35. Qxd5 Kh8 36. Qxd4 Rg8 37. Qxa7
Qxa3 38. Qxb7 Qxh3 39.
Qxa6 Qg3+ 1/2-1/2

[Variant "Standard"]
[Site "Europe Echecs"]

[Event "Championnat du monde jeunes U10"]
[Date "2024.11.22"]
[White "Mitrovic, Vasilije"]
[Black "Skouroupathis, Kyriakos"]
[WhiteElo "1590"]
[BlackElo "1695"]
[Round "7.47"]
[Result "0-1"]
[TimeControl "5400+30"]

1. e4 c6 2. d4 d5 3. exd5 cxd5 4. Nc3 Nf6 5. Bf4 a6 6. Nf3 Bg4 7. h3 Bh5 8. g4 Bg6 9. Bd3 Nc6 10. a3 e6 11. Bxg6 hxg6 12. Bg5 Be7 13. Bxf6 Bxf6 14. Qd2 Rc8 15. O-O-O Qc7 16. Kb1 Na5 17. Qd3 Nc4 18. Nd2 Nxa3+ 19. bxa3 Qxc3 20. Qxc3 Rxc3 21. Nb3 Rhxh3 22. Rhf1 Rcf3 23. Rd2 b6 24. Kc1 Bg5 25. Kd1 Bxd2 26. Kxd2 Rf4 27. g5 Rh5 28. Ke3 Re4+ 29. Kd2 Rxg5 30. c3 Rg2 31. Nc1 g5 32. Nd3 g4 33. a4 g3 34. Kd1 gxf2 35. Rxf2 Rxf2 36. Nxf2 Rh4 37. Kd2 Rh2 38. Ke2 f6 39. Ke3 Rxf2 40. Kxf2 e5 41. Ke3 e4 42. c4 dxc4 43. Kxe4 b5 44. axb5 axb5 45. d5 Ke7 46. Kd4 Kd6 47. Ke4 c3 48. Kd3 Kxd5 49. Kxc3 g5 50. Kd3 g4 51. Ke3 b4 52. Kf4 b3 53. Kxg4 b2 54. Kf5 b1=Q+ 55. Kxf6 Qe1 56. Kf5 Qf2+ 57. Kg4 Ke5 58. Kg5 Qg3+ 59. Kh6 Kf6 60. Kh7 Qg7# 0-1

[Variant "Standard"]
[Site "Europe Echecs"]

[Event "Championnat du monde jeunes U10"]
[Date "2024.11.22"]
[White "Lenkov, Stanislav"]
[Black "Munoz Padilla, Andres"]
[WhiteElo "1693"]
[BlackElo "1604"]
[Round "7.48"]
[Result "1-0"]
[TimeControl "5400+30"]

1. e4 e5 2. Nf3 Nc6 3. Bb5 a6 4. Ba4 Nf6 5. d3 d6 6. c4 Be7 7. h3 O-O 8. Be3 Ne8 9. Nc3 f5 10. Bxc6 bxc6 11. d4 fxe4 12. Nxe4 d5 13. Nc3 exd4 14. Nxd4 c5 15. Nc6 Qd6 16. Qxd5+ Qxd5 17. Nxe7+ Kf7 18. Nexd5 Rb8 19. Bxc5 Rg8 20. b4 Bb7 21. O-O Nf6 22. Nxc7 Rbc8 23. N7d5 a5 24. a3 Ra8 25. Nxf6 gxf6 26. f3 axb4 27. axb4 Rxa1 28. Rxa1 Bxf3 29. Ra7+ Ke6 30. Ra2 Bb7 31. Re2+ Kd7 32. Nd5 Kd8 33.
Bb6+ Kd7 34. Re7+ Kc8 35. Rxh7 Rg6 36.
Ne7+ Kd7 37. Nxg6+ Kc8 38. Rxb7 Kxb7 39. c5 Kc6 40. h4 Kb5 41. h5 Kxb4 42. c6 Kb5 43. c7 Kxb6 44. c8=Q Ka7 45. Qc6 f5 46. h6 f4 47. h7 f3 48. gxf3 Kb8 49. h8=R+ Ka7 50. Ra8# 1-0

[Variant "Standard"]
[Site "Europe Echecs"]

[Event "Championnat du monde jeunes U10"]
[Date "2024.11.22"]
[White "Thorulsley, Kairaav"]
[Black "von Flottwell, Lionel"]
[WhiteElo "1520"]
[BlackElo "1704"]
[Round "7.6"]
[Result "1-0"]
[TimeControl "5400+30"]

1. d4 d5 2. Nc3 Nf6 3. Bf4 e6 4. e3 Bb4 5. Bd3 c5 6. dxc5 Nbd7 7. Ne2 a6 8. a3 Bxc5 9. Ng3 h6 10. e4 e5 11. Bd2 Nb6 12. exd5 Nbxd5 13. Qe2 O-O 14. O-O Ba7 15. Nxd5 Qxd5 16. Bc4 Qd8 17. Rad1 Ng4 18. h3 Qh4 19. Ne4 Nf6 20. Nxf6+ gxf6 21. Bd3 Kh8 22. Qe4 Qxe4 23. Bxe4 Rg8 24. Kh2 f5 25. Bd5 f4 26. Bxf7 Rg7 27. Bd5 Bf5 28. Bc3 Re8 29. Bb3 Bb8 30. Rfe1 Bc7 31. Rd5 Reg8 32. Bxe5 Bxe5 33. Rdxe5 Rxg2+ 34. Kh1 R8g7 35. Rxf5 Rxf2 36. Rg1 f3 37. Rxg7 Kxg7 38. Kg1 Rg2+ 39. Kf1 Rg3 40. Kf2 Rxh3 41. Rxf3 Rh2+ 42. Kg3 Rh1 43. Rf7+ Kh8 44. Rxb7 a5 45. Rd7 a4 46.
Bxa4 h5 47. Rd4 Re1 48. Rh4 Re5 49. Kf4 Ra5 50. Be8 Ra8 51. Rxh5+ Kg7 52. Re5 Kf6 53. Re4 Kg7 54. c4 Kh8 55. c5 Rd8 56. c6 Rd1 57. c7 Rc1 58. Bc6 Rxc6 59. Re8+ Kg7 60. c8=Q Rf6+ 61. Ke5 Rf1 62. Qg4+ Kh7 63. Re7+ Kh6 64. Qh4+ Kg6 65. Qh7+ Kg5 66. Rg7# 1-0

[Variant "Standard"]
[Site "Europe Echecs"]

[Event "Championnat du monde jeunes U10"]
[Date "2024.11.22"]
[White "Schettini Acuna, Massimo Matteo"]
[Black "Yrysov, Timur"]
[WhiteElo "1703"]
[BlackElo "1604"]
[Round "7.7"]
[Result "0-1"]
[TimeControl "5400+30"]

1. e4 c5 2. Nf3 d6 3. d4 cxd4 4. Nxd4 Nf6 5. Nc3 e5 6. Bb5+ Nbd7 7. Nde2 a6 8. Bxd7+ Bxd7 9. Bg5 Be7 10. Bxf6 gxf6 11. Ng3 Rc8 12. O-O b5 13. Nd5 Be6 14. b4 Bxd5 15. Qxd5 Qc7 16. h3 Qc6 17. Qxc6+ Rxc6 18. Rac1 Kd7 19.
Rfd1 Rhc8 20. Rd2 Rc4 21. c3 Rxc3 22.
Rxc3 Rxc3 23. f3 Rc4 24. a3 Rc3 25. Ra2 Bd8 26. Nf5 Bb6+ 27. Kf1 Rc1+ 28. Ke2 Rg1 29. Kd3 Rc1 30. a4 Rb1 31. axb5 axb5 32. Ra6 Bc7 33. Kc3 Rc1+ 34. Kb2 Rg1 35. Ne3 Re1 36. Nf5 Re2+ 37. Kc3 Rxg2 38. Ra7 Rf2 39. Nh4 Rh2 40. Ra8 Rxh3 41. Nf5 Rxf3+ 42. Kc2 h5 43.
Rf8 Rf2+ 44. Kd3 Rh2 45. Rxf7+ Kc8 46.
Rxf6 Rh1 47. Kd2 h4 48. Nxd6+ Bxd6 49.
Rxd6 h3 50. Rh6 h2 51. Ke2 Ra1 52. Rh8+ Kd7 53. Rh7+ Ke8 54. Rh8+ Kf7 55. Rh7+ Kg8 56. Rxh2 Ra2+ 57. Kf3 Rxh2 58. Kg4 Rb2 59. Kf5 Rxb4 60. Kxe5 Rc4 61. Kd5 Rc1 62. e5 b4 63. e6 b3 64. e7 Re1 65. e8=N Rxe8 66. Kc4 b2 67. Kc3 b1=Q 68. Kd4 0-1

[Variant "Standard"]
[Site "Europe Echecs"]

[Event "Championnat du monde jeunes U10"]
[Date "2024.11.22"]
[White "Makhsatuly, Rakhim"]
[Black "Wu, Chenyu"]
[WhiteElo "1683"]
[BlackElo "1503"]
[Round "7.10"]
[Result "1-0"]
[TimeControl "5400+30"]

1. e4 e5 2. Nf3 Nc6 3. Bb5 a6 4. Ba4 Nf6 5. d3 b5 6. Bb3 Be7 7. O-O O-O 8. a4 b4 9. c3 d6 10. Nbd2 a5 11. Re1 Be6 12. Bxe6 fxe6 13. Nf1 Nh5 14. d4 bxc3 15. bxc3 exd4 16. cxd4 d5 17. e5 Nf4 18. Bxf4 Rxf4 19. Qc1 Rxf3 20. Qxc6 Rf4 21. Qxe6+ Kh8 22. Red1 Rb8 23. Ne3 Rb2 24. f3 Bh4 25. Qxd5 Qxd5 26. Nxd5 Bf2+ 27. Kf1 Rxd4 28. e6 Rxd1+ 29. Rxd1 Kg8 30. Nxc7 Bh4 31. g3 Bf6 32. Nd5 Rxh2 33. Nxf6+ gxf6 34. Rd8+ Kg7 35. e7 Rh1+ 36. Kf2 Rh2+ 37. Kg1 Re2 38. e8=Q Rxe8 39. Rxe8 Kf7 40. Ra8 Ke7 41. Rxa5 Ke6 42. Rb5 f5 43. a5 f4 44. a6 fxg3 45. a7 g2 46. a8=Q Kf6 47. Qc6+ Kf7 48. Rb7+ 1-0

[Variant "Standard"]
[Site "Europe Echecs"]

[Event "Championnat du monde jeunes U10"]
[Date "2024.11.23"]
[White "Shogdzhiev, Roman"]
[Black "Llari, Marc"]
[WhiteElo "2202"]
[BlackElo "2201"]
[Round "8.1"]
[Result "0-1"]
[TimeControl "5400+30"]

1. e4 e5 2. Nf3 Nc6 3. Bc4 Nf6 4. d3 d5 5. exd5 Nxd5 6. O-O Bg4 7. Re1 Qd6 8. d4 O-O-O 9. dxe5 Nxe5 10. Qxd5 Bxf3 11. Qxe5 Qxe5 12. Rxe5 Rd1+ 13. Bf1 Rxc1 14. gxf3 Bd6 15. Re3 h5 16. Kg2 h4 17. h3 Rh5 18. f4 Bxf4 19. Re7 Rg5+ 20. Kf3 Bd6 21. Rxf7 Rxf1 22. c3 Rgg1 23. b3 b5 24. Rf5 a6 25. a4 Rxb1 26. Rxb1 Rxb1 27. axb5 a5 28. c4 Rxb3+ 29. Ke4 a4 30. c5 Rxb5 31. Rf7 Rxc5 32. Rxg7 a3 33. Rg8+ Kb7 34. Rg1 a2 35. Ra1 Ra5 36. f4 Ra4+ 37. Kf3 Bxf4 38. Rxa2 Rxa2 39. Kxf4 Rg2 40.
Kf3 Rg3+ 41. Kf4 c5 42. Ke4 c4 43. Kd4 c3 44. Kc4 c2 45. Kb4 c1=Q 46. Kb5 Rb3+ 47. Ka4 Qa3# 0-1

[Variant "Standard"]
[Site "Europe Echecs"]